AoeStats
← mario12111988

Hideout

510258197Analyzed
1v1 RM · 1d ago on Sep 30, 2026· 57m 29s· 2 players
Game mode
Random Map
Map size
Tiny (2 player)
Population
200
Speed
Normal
Resources
Standard
Victory
Conquest
Starting age
Dark Age
Ending age
Imperial Age
RankedLock teamsTeams togetherTeam positionsShared explorationLock speedFull tech treeHidden civsTurbo modeCheats
Victory
Defeat
🇨🇱 Franks · Chile
609
+19
🇺🇾 Sicilians · Uruguay
680
-19
mario12111988
11:40 Feudal Age
9:56 Loom
12:26 Horse Collar
12:34 Double-Bit Axe
30:56 Fletching
34:00 Castle Age
33:35 Scale Mail Armor
39:35 Forging
40:15 Pikeman
PoncHo
11:20 Feudal Age
16:21 Double-Bit Axe
20:03 Forging
24:02 Scale Barding Armor
35:22 Castle Age
35:47 Light Cavalry
36:38 Padded Archer Armor
36:50 Padded Archer Armor
38:53 Chain Barding Armor
40:28 Iron Casting
43:38 Husbandry
45:05 Wheelbarrow
Connection lost

Rejoining the realm…

Still unreachable

The connection could not be restored.

Session expired

The server has moved on; the page needs a fresh start.